 Dungeon Crawl Stone Soup version 0.30.1-4-g462c640d31 (webtiles) character file.

Game seed: 12431821019743723845

5026 Achilles the Magician (level 10, -9/77 HPs)
             Began as a Black Draconian Earth Elementalist on Sept 15, 2023.
             Was the Champion of Cheibriados.
             Mangled by a molten gargoyle
             ... wielding a +0 mace
              (11 damage)
             ... on level 9 of the Dungeon.
             The game lasted 01:08:40 (6336 turns).

Achilles the Magician (DrEE)                        Turns: 6336, Time: 01:08:43

Health: -9/77      AC: 12    Str: 29    XL:     10   Next: 30%
Magic:  20/21      EV: 22    Int: 45    God:    Cheibriados [******]
Gold:   433        SH:  0    Dex: 27    Spells: 11/23 levels left

rFire   . . .        q - +10 glaive of the Middle {freeze, rN+ Will- Str+4 Int+4}
rCold   . . .        (shield currently unavailable)
rNeg    + . .        (body armour unavailable)
rPois   .            (helmet restricted)
rElec   +            e - +2 cloak {Will+}
rCorr   .            y - +1 pair of gloves
SInv    .            (no boots)
Will    .....        d - amulet of regeneration
Stlth   +++          g - +5 ring of evasion
HPRegen 1.12/turn    x - +6 ring of intelligence
MPRegen 0.17/turn

%: no passive effects
@: very slow
A: breathe lightning, AC +7, unfitting armour, electricity resistance,
cold-blooded
a: Breathe Lightning, Renounce Religion, Bend Time, Temporal Distortion, Slouch,
Step From Time


You were on level 9 of the Dungeon.
You worshipped Cheibriados.
Cheibriados was exalted by your worship.
You visited 2 branches of the dungeon, and saw 10 of its levels.

You collected 433 gold pieces.

Inventory:

Hand Weapons
 q - the +10 glaive of the Middle (weapon) {freeze, rN+ Will- Str+4 Int+4}
   (You found it on level 5 of the Dungeon)

   Str:       It affects your strength (+4).
   Int:       It affects your intelligence (+4).
   rN:        It protects you from negative energy.
   Will:      It decreases your willpower.
Missiles
 s - 6 poisoned darts
Armour
 e - a +2 cloak of willpower (worn)
 y - a +1 pair of gloves (worn)
Magical Staves
 h - a staff of earth
Jewellery
 d - an amulet of regeneration (around neck)
 g - a +5 ring of evasion (left hand)
 x - a +6 ring of intelligence (right hand)
Wands
 b - a wand of flame (8)
 t - a wand of charming (5)
 u - a wand of roots (33)
Scrolls
 i - a scroll of torment
 m - 4 scrolls of identify
 n - a scroll of fear
 p - a scroll of teleportation
 w - 2 scrolls of fog
 z - a scroll of enchant weapon
Potions
 a - 2 potions of magic
 c - 3 potions of haste {unknown}
 f - 3 potions of mutation
 j - a potion of heal wounds
 k - 3 potions of curing {unknown}
 l - a potion of resistance {unknown}
 o - a potion of berserk rage {unknown}
 r - 3 potions of attraction {unknown}
 v - 2 potions of brilliance


   Skills:
 + Level 3.5 Fighting
 + Level 1.2 Short Blades
 + Level 2.4 Maces & Flails
 + Level 5.5 Polearms
 + Level 5.4 Dodging
 + Level 3.6 Stealth
 + Level 1.0 Shields
 + Level 7.3 Spellcasting
 + Level 1.9 Conjurations
 + Level 2.5 Transmutations
 + Level 0.9 Fire Magic
 + Level 1.4 Air Magic
 + Level 6.2 Earth Magic
 + Level 2.7 Poison Magic


You had 11 spell levels left.
You knew the following spells:

 Your Spells              Type           Power      Damage    Failure   Level
a - Sandblast             Erth           100%       2d20      1%          1
b - Passwall              Tmut/Erth      45%        N/A       1%          2
c - Stone Arrow           Conj/Erth      100%       3d13      1%          3
d - Sting                 Tmut/Pois      100%       1d8       1%          1
e - Poisonous Vapours     Pois/Air       70%        N/A       1%          2
f - Ignite Poison         Fire/Tmut/Pois 35%        N/A       1%          3

Your spell library contained the following spells:

 Spells                   Type           Power      Damage    Failure   Level
 Petrify                  Tmut/Erth      54%        N/A       2%          4
 Olgreb's Toxic Radiance  Pois           41%        N/A       5%          4
 Sticky Flame             Conj/Fire      29%        2d5       9%          4
 Ignition                 Fire           12%        3d6       100%        8


Dungeon Overview and Level Annotations

Branches:
Dungeon (9/15)             Temple (1/1) D:5
   Lair: D:8-11         Orc: D:9-12

Altars:
Ashenzari
Cheibriados
Dithmenos
Elyvilon
Fedhas
Gozag
Hepliaklqana
Kikubaaqudgha
Nemelex Xobeh
Okawaru
Qazlal
Ru
Sif Muna
Trog
Uskayaw
Vehumet
Wu Jian
Xom
Yredelemnul
Zin
The Shining One


Innate Abilities, Weirdness & Mutations

You can breathe wild blasts of lightning.
Your glossy black scales are hard. (AC +7)
You cannot fit into any form of body armour.
You are resistant to electric shocks. (rElec)
You are cold-blooded and may be slowed by cold attacks.


Message History

You see here a +0 mace of protection.
There is a stone staircase leading up, spattered with blood here.
You see here a +0 flail.
Items here: $ ( ) [ †.
Okay, then.
There is a stone staircase leading up, spattered with blood here.
You see here a +0 flail.
You see here a +0 mace of protection.
A lava snake comes into view.
Found a leather armour.
The molten gargoyle blasts magma at you!
The bolt of magma hits you!!
A molten gargoyle comes into view. It is wielding a +0 mace.
The molten gargoyle blasts magma at you!
The bolt of magma hits you!
The lava snake hisses angrily.
The lava snake spits lava at you. The glob of lava hits you!
The molten gargoyle blasts magma at you!
The bolt of magma misses you.
Casting: Sandblast (safe; 1% risk of failure)
Confirm with . or Enter, or press ? or * to list all spells.
Aiming: Sandblast (safe; 1% risk of failure)
Press: ? - help, Shift-Dir - straight line, f - molten gargoyle
Aim: a molten gargoyle, wielding a +0 morningstar (91% to hit)
The blast of sand hits the molten gargoyle but does no damage.
The molten gargoyle blasts magma at you!
The bolt of magma misses you. The molten gargoyle misses you.
The molten gargoyle misses you.
The molten gargoyle blasts magma at you!
The bolt of magma misses you.
The molten gargoyle completely misses you.
The molten gargoyle attacks as you move away!
The molten gargoyle hits you with a +0 mace!
You are engulfed in flames!
* * * LOW HITPOINT WARNING * * *
The molten gargoyle hits you with a +0 mace!
* * * LOW HITPOINT WARNING * * *
You are engulfed in flames!
You die...

# ##. #..# #(.#
##..#############
##....##...)#...[#
#......#.........####
#.........#.@.......
#...)<)...#.99...#.#
................#.#.#
...#.....#....##.#.#.#
z. #....##......#....
.....###.....#..S§§§
.....# ##.#...#.§§≈§≈
...... #.##.#.≈≈§88≈
........#.#..#..#.
≈88≈


You could see 2 molten gargoyles.

Vanquished Creatures
  2 molten gargoyles (D:9)
  Psyche (D:8)
  3 steam dragons
  An acid dragon (D:8)
  2 water moccasins
  A sky beast (D:7)
  An orc warrior (D:7)
  4 black bears
  4 centaurs
  3 phantoms
  2 kobold brigands
  2 bullfrogs (D:7)
  A gnoll sergeant (D:9)
  5 scorpions
  4 wights (D:8)
  8 killer bees
  4 howler monkeys
  A centaur zombie (D:9)
  3 jellies
  Crazy Yiuf (D:3)
  6 hounds
  5 orc priests
  Jessica (D:2)
  Ijyb (D:3)
  5 iguanas
  5 orc wizards
  Robin (D:2)
  10 adders
  4 gnolls (D:9)
  A shadow imp (D:7)
  2 white imps
  2 ufetubi (D:7)
  A worm (D:2)
  5 dart slugs
  29 orcs
  4 bats (D:2)
  7 endoplasms
  5 giant cockroaches
  12 goblins
  9 hobgoblins
  2 jackals (D:4)
  16 kobolds
  8 quokkas
  6 ball pythons
  7 frilled lizards
  7 rats
214 creatures vanquished.

Vanquished Creatures (others)
  Eustachio (D:7)
  3 killer bees (D:8)
4 creatures vanquished.

Grand Total: 218 creatures vanquished

Notes
Turn   | Place    | Note
-------+----------+-------------------------------------------
     0 | D:1      | Achilles the Draconian Earth Elementalist began the quest
                  | for the Orb.
     0 | D:1      | Reached XP level 1. HP: 14/14 MP: 3/3
   424 | D:1      | Reached XP level 2. HP: 20/20 MP: 0/5
   724 | D:1      | Learned a level 2 spell: Passwall
   920 | D:2      | Found a faded altar of an unknown god.
   949 | D:2      | Prayed at the altar of an unknown god.
   949 | D:2      | Became a worshipper of Cheibriados the Contemplative
   949 | D:2      | Reached * piety under Cheibriados
   960 | D:2      | Reached XP level 3. HP: 26/26 MP: 2/6
  1027 | D:2      | Reached skill level 1 in Fighting
  1027 | D:2      | Noticed Robin
  1077 | D:2      | Reached ** piety under Cheibriados
  1090 | D:2      | Killed Robin
  1091 | D:2      | Reached XP level 4. HP: 33/35 MP: 2/7
  1245 | D:2      | Reached skill level 1 in Short Blades
  1272 | D:2      | Noticed Jessica
  1274 | D:2      | Killed Jessica
  1281 | D:2      | Learned a level 3 spell: Stone Arrow
  1426 | D:2      | Reached skill level 3 in Spellcasting
  1482 | D:3      | Reached XP level 5. HP: 40/40 MP: 5/9
  1574 | D:3      | Found an iron altar of Okawaru.
  1598 | D:3      | Reached *** piety under Cheibriados
  1685 | D:3      | Noticed Ijyb
  1700 | D:3      | Killed Ijyb
  1708 | D:3      | Reached skill level 1 in Maces & Flails
  1805 | D:3      | Found a runed translucent door.
  1806 | D:3      | Noticed Crazy Yiuf
  1812 | D:3      | Killed Crazy Yiuf
  2591 | D:3      | You fall into a shaft and drop 3 floors!
  2598 | D:6      | Reached XP level 6. HP: 47/47 MP: 11/11
  2662 | D:6      | Reached skill level 4 in Spellcasting
  2839 | D:5      | Entered Level 5 of the Dungeon
  2839 | D:5      | Noticed Eustachio
  2841 | D:5      | Noticed a water moccasin
  2860 | D:5      | Killed a water moccasin
  2865 | D:5      | Your scales start taking on a glossy black colour.
  2865 | D:5      | Reached XP level 7. HP: 39/53 MP: 13/13
  2865 | D:5      | Gained mutation: You are resistant to electric shocks.
                  | (rElec) [Black Draconian growth]
  2946 | D:5      | Identified the +10 glaive of the Middle {freeze, rN+ Will-
                  | Str+4 Int+4}
  3098 | D:4      | Reached **** piety under Cheibriados
  3255 | D:4      | Reached skill level 1 in Shields
  3303 | D:4      | Reached skill level 1 in Polearms
  3642 | D:5      | Found a staircase to the Ecumenical Temple.
  3659 | Temple   | Entered the Ecumenical Temple
  3974 | D:5      | Learned a level 1 spell: Sting
  3977 | D:5      | Learned a level 2 spell: Poisonous Vapours
  4028 | D:5      | Reached XP level 8. HP: 56/62 MP: 12/15
  4038 | D:5      | Learned a level 3 spell: Ignite Poison
  4315 | D:6      | Reached skill level 5 in Spellcasting
  4630 | D:6      | Reached skill level 1 in Poison Magic
  4717 | D:7      | Reached ***** piety under Cheibriados
  4720 | D:7      | Killed Eustachio
  4732 | D:7      | Found a hazy altar of Hepliaklqana.
  4811 | D:7      | Identified the +5 chain mail of Giumil Lani {Int+4}
  4816 | D:7      | Reached skill level 5 in Earth Magic
  4872 | D:7      | Found a stormy altar of Qazlal.
  4948 | D:7      | Reached XP level 9. HP: 68/68 MP: 17/17
  4961 | D:7      | Reached skill level 6 in Spellcasting
  4965 | D:7      | Reached skill level 1 in Conjurations
  5239 | D:7      | Found a bloodstained altar of Trog.
  5374 | D:7      | Reached skill level 1 in Air Magic
  5390 | D:7      | Found a hide-covered altar of Uskayaw.
  5390 | D:7      | Found a shimmering blue altar of Sif Muna.
  5392 | D:7      | Found a shimmering altar of Xom.
  5392 | D:7      | Found a shadowy altar of Dithmenos.
  5491 | D:8      | Noticed Psyche
  5496 | D:8      | Killed Psyche
  5645 | D:8      | Reached skill level 7 in Spellcasting
  6215 | D:9      | Reached XP level 10. HP: 74/77 MP: 15/20
  6223 | D:8      | Reached skill level 5 in Dodging
  6249 | D:9      | Reached ****** piety under Cheibriados
  6251 | D:9      | Reached skill level 5 in Polearms
  6254 | D:9      | Noticed a molten gargoyle
  6305 | D:9      | Noticed a molten gargoyle
  6305 | D:9      | Noticed a molten gargoyle
  6313 | D:9      | Killed a molten gargoyle
  6320 | D:9      | Killed a molten gargoyle
  6332 | D:9      | Noticed a molten gargoyle
  6336 | D:9      | HP: 2/77 [molten gargoyle/+0 mace (16)]
  6336 | D:9      | Mangled by a molten gargoyle

Illustrated notes

Levels and vault maps discovered:
D:1:      dpeg_arrival_water_fire, layout_loops_corners, minmay_pentomino_s4
D:2:      layout_rooms, ebering_ecumenical_altar_mist, uniq_jessica, uniq_robin
D:3:      layout_loops_corners, okawaru_ov_weapons_minmay, serial_shops,
          nicolae_shop_back_alley_shop, minmay_ruptured,
          uniq_crazy_yiuf_cottage, uniq_ijyb
D:4:      layout_loops_ring
D:5:      layout_loops_corners, minmay_temple_entry_ruins, uniq_eustachio
D:6:      layout_basic, serial_glass, glass_columns_a, glass_columns_c,
          glass_columns_a, glass_columns_a, glass_columns_c, glass_columns_b
D:7:      layout_loops_ring, nicolae_qazlal_eye_of_the_storm,
          nzn_hepliaklqana_mist_gate, trog_butcher_becter,
          mainiacjoe_overflow_alcove_3, minmay_fractal_squares_5
D:8:      layout_gridville, uniq_psyche
D:9:      kennysheep_seaside_town, layout_cave_pools,
          lemuel_coloured_pillars_altar, serial_undead, serial_undead_a,
          serial_undead_c, serial_undead_b, serial_undead_b, roderic_batcave,
          minivault_8
Temple:   nicolae_temple_ecumenical_triangle

Skill      XL: |  1  2  3  4  5  6  7  8  9 10 |
---------------+-------------------------------+-----
Stealth        | 2 3 |  3.6
Fighting       | 1 2 3 |  3.5
Dodging        | 2 3 4 5 |  5.4
Short Blades   | 1 |  1.2
Earth Magic    | 4 5 6 |  6.2
Spellcasting   | 3 4 5 7 |  7.3
Maces & Flails | 1 2 |  2.4
Shields        | 1 |  1.0
Polearms       | 2 3 4 5 |  5.5
Poison Magic   | 2 |  2.7
Conjurations   | 1 |  1.9
Air Magic      | 1 |  1.4
Transmutations | 2 |  2.5
Fire Magic     | |  0.9

Action                     |  1- 3 |  4- 6 |  7- 9 | 10-12 || total
---------------------------+-------+-------+-------+-------++-------
  Melee: Hand axe          |     9 |       |       |       ||     9
         Tailslap          |    13 |     8 |    13 |     2 ||    36
         Short sword       |    87 |       |       |       ||    87
         Flail             |       |    60 |     5 |       ||    65
         Punch             |       |     1 |       |       ||     1
         Glaive            |       |       |    90 |    27 ||   117
   Cast: Sandblast         |    43 |    49 |    84 |     6 ||   182
         Passwall          |     1 |       |     1 |       ||     2
         Stone Arrow       |       |     2 |    13 |       ||    15
         Sting             |       |       |     9 |     5 ||    14
         Ignite Poison     |       |       |     8 |       ||     8
         Poisonous Vapours |       |       |     8 |     1 ||     9
Ability: Breathe Lightning |       |       |     3 |       ||     3
    Use: Scroll            |       |     6 |     9 |       ||    15
         Potion            |       |       |       |     3 ||     3
   Stab: Sleeping          |       |       |     1 |       ||     1
 Armour: Skin              |    39 |    28 |    69 |    48 ||   184
  Dodge: Dodged            |   141 |    87 |   233 |   238 ||   699
  Block: Buckler           |       |     8 |       |       ||     8
